FLO
ST. LUCIE METS @ PALM BEACH CARDINALS
04/23/2024
 
TOP OF THE 1ST
St. Lucie Mets batting - Pitching for Palm Beach Cardinals : RHP Adam Mazur
Pitching: RHP Adam Mazur
Batting: RHB Pietro Fisichella 0-0: Foul Ball, location: 9LMF
0-1: Foul Ball, location: 3F
0-2: Ball
1-2: Ball
2-2: SINGLE (Flyball, 6D, EV 89.4 MPH)
Batting: RHB Earl Hall 0-0: Swinging Strike
0-1: Ball
1-1: Swinging Strike
1-2: Foul Ball, location: 2F
1-2: Ball
2-2: Ball
3-2: Foul Ball, location: 2F
3-2: Ground out 6-3 (Groundball, 56, EV 102.5 MPH)
Pietro Fisichella to second
Batting: RHB Will Brown 0-0: Ball
1-0: Ball
2-0: Foul Ball, location: 5F
2-1: Swinging Strike
2-2: Fly out, F9 (Flyball, 9S, EV 88.8 MPH)
Batting: RHB Cayden Wallace 0-0: Foul Ball, location: 2RF
0-1: Called Strike
0-2: Ball
1-2: Strikes out swinging
Top of the 1st over - 0 runs, 1 hit, 0 errors, 1 left on base; St. Lucie 0 - Palm Beach 0
BOTTOM OF THE 1ST
Palm Beach Cardinals batting - Pitching for St. Lucie Mets : RHP Charley Schumer
Pitching: RHP Charley Schumer
Batting: RHB Caleb Bowling 0-0: Ball
1-0: Foul Ball, location: 9LSFF
1-1: Fly out, F7 (Line Drive, 7S, EV 100.0 MPH)
Batting: LHB Jacob Melton 0-0: Swinging Strike
0-1: Ball
1-1: Fly out, F6 (Popup, 6M, EV 59.4 MPH)
Batting: RHB Steffen Smith 0-0: Ball
1-0: Ground out 5-3 (Groundball, 56S, EV 85.0 MPH)
Bottom of the 1st over - 0 runs, 0 hits, 0 errors, 0 left on base; St. Lucie 0 - Palm Beach 0
TOP OF THE 2ND
St. Lucie Mets batting - Pitching for Palm Beach Cardinals : RHP Adam Mazur
Batting: RHB Caleb Bramwell 0-0: Ball
1-0: Called Strike
1-1: Ground out 6-3 (Groundball, 6, EV 78.1 MPH)
Batting: RHB Ricardo Muñóz 0-0: Ball
1-0: Foul Ball, location: 2F
1-1: Ball
2-1: Ground out 5-3 (Groundball, 15, EV 85.6 MPH)
Batting: RHB Kevin Stevens 0-0: Called Strike
0-1: Swinging Strike
0-2: Ball
1-2: Foul Ball, location: 2F
1-2: Ball
2-2: Foul Ball, location: 2F
2-2: Foul Ball, location: 2F
2-2: Strikes out swinging
Top of the 2nd over - 0 runs, 0 hits, 0 errors, 0 left on base; St. Lucie 0 - Palm Beach 0
BOTTOM OF THE 2ND
Palm Beach Cardinals batting - Pitching for St. Lucie Mets : RHP Charley Schumer
Batting: RHB Hal Kendall 0-0: Called Strike
0-1: Ball
1-1: Ball
2-1: SINGLE (Line Drive, 34D, EV 102.5 MPH)
Batting: RHB Jake Briningstool 0-0: Ball
1-0: Fielders Choice at 2nd, 6-4 (Groundball, 6, EV 85.0 MPH)
Batting: RHB Carlos Flores 0-0: Foul Ball, location: 2F
0-1: SINGLE (Line Drive, 9S, EV 88.8 MPH)
Jake Briningstool to second
Batting: LHB Sergio García 0-0: Called Strike
0-1: Fielders Choice at 2nd, 1-4 (Groundball, 15S, EV 73.1 MPH)
Jake Briningstool to third
Batting: LHB David Harris 0-0: Foul Ball, location: 2F
0-1: Ball
1-1: Foul Ball, location: 3FF
1-2: Fielders Choice at 2nd, 5-4 (Groundball, 5, EV 87.5 MPH)
Bottom of the 2nd over - 0 runs, 2 hits, 0 errors, 2 left on base; St. Lucie 0 - Palm Beach 0
TOP OF THE 3RD
St. Lucie Mets batting - Pitching for Palm Beach Cardinals : RHP Adam Mazur
Batting: RHB Elijah Brooks 0-0: Called Strike
0-1: Called Strike
0-2: Ball
1-2: Ball
2-2: Foul Ball, location: 3DF
2-2: Foul Ball, location: 2F
2-2: Strikes out swinging
Batting: LHB Larry Watson 0-0: Ball
1-0: Ball
2-0: Fly out, F9 (Flyball, 9D, EV 103.1 MPH)
Batting: RHB Pietro Fisichella 0-0: Called Strike
0-1: SINGLE (Groundball, 6MD, EV 98.1 MPH)
Batting: RHB Earl Hall 0-0: Ball
Wild Pitch!
Pietro Fisichella to second
1-0: Foul Ball, location: 9LMF
1-1: Ball
2-1: Foul Ball, location: 2F
2-2: Ground out 6-3 (Groundball, 6, EV 85.6 MPH)
Top of the 3rd over - 0 runs, 1 hit, 0 errors, 1 left on base; St. Lucie 0 - Palm Beach 0
BOTTOM OF THE 3RD
Palm Beach Cardinals batting - Pitching for St. Lucie Mets : RHP Charley Schumer
Batting: RHB Olivier Barbot 0-0: Foul Ball, location: 2F
0-1: Called Strike
0-2: Ground out 6-3 (Groundball, 6, EV 103.8 MPH)
Batting: RHB Caleb Bowling 0-0: Fly out, F9 (Flyball, 9LM, EV 91.3 MPH)
Batting: LHB Jacob Melton 0-0: Ball
1-0: Ball
2-0: Called Strike
2-1: Swinging Strike
2-2: Strikes out swinging
Bottom of the 3rd over - 0 runs, 0 hits, 0 errors, 0 left on base; St. Lucie 0 - Palm Beach 0
TOP OF THE 4TH
St. Lucie Mets batting - Pitching for Palm Beach Cardinals : RHP Adam Mazur
Batting: RHB Will Brown 0-0: Called Strike
0-1: Ball
1-1: Ball
2-1: Called Strike
2-2: Ball
3-2: Foul Ball, location: 3F
3-2: Strikes out swinging
Batting: RHB Cayden Wallace 0-0: Ball
1-0: Foul Ball, location: 2LF
1-1: Ball
2-1: Ball
3-1: Base on Balls
Batting: RHB Caleb Bramwell 0-0: Swinging Strike
0-1: Ball
Wild Pitch!
Cayden Wallace to second
1-1: Swinging Strike
1-2: Ball
2-2: Foul Ball, location: 2F
2-2: Ball
Wild Pitch!
Cayden Wallace to third
3-2: Ground out 6-3 (Groundball, 6, EV 84.4 MPH)
Cayden Wallace scores
Batting: RHB Ricardo Muñóz 0-0: Called Strike
0-1: Called Strike
0-2: Strikes out swinging
Top of the 4th over - 1 run, 0 hits, 0 errors, 0 left on base; St. Lucie 1 - Palm Beach 0
BOTTOM OF THE 4TH
Palm Beach Cardinals batting - Pitching for St. Lucie Mets : RHP Charley Schumer
Batting: RHB Steffen Smith 0-0: Ball
1-0: Ball
2-0: Fly out, F2 (Popup, 23F, EV 92.5 MPH)
Batting: RHB Hal Kendall 0-0: Ball
1-0: Ball
2-0: Called Strike
2-1: Foul Ball, location: 2F
2-2: Foul Ball, location: 5DF
2-2: Strikes out looking
Batting: RHB Jake Briningstool 0-0: Called Strike
0-1: Swinging Strike
0-2: Strikes out looking
Bottom of the 4th over - 0 runs, 0 hits, 0 errors, 0 left on base; St. Lucie 1 - Palm Beach 0
TOP OF THE 5TH
St. Lucie Mets batting - Pitching for Palm Beach Cardinals : RHP Adam Mazur
Batting: RHB Kevin Stevens 0-0: Ball
1-0: Called Strike
1-1: Ball
2-1: Called Strike
2-2: Ball
3-2: SINGLE (Groundball, 34D, EV 101.3 MPH)
Batting: RHB Elijah Brooks 0-0: Ball
1-0: Bunt missed!
1-1: Ball
2-1: Sac Bunt to 15S - play at first, batter OUT! 1-3
Kevin Stevens to second
Pitching: RHP Abdelaziz André
Batting: LHB Larry Watson 0-0: Ball
1-0: Ball
2-0: Fly out, F7 (Flyball, 78S, EV 85.6 MPH)
Batting: RHB Pietro Fisichella 0-0: Ball
Balk!
Kevin Stevens to third
1-0: Ball
2-0: Fly out, F5 (Popup, 56S, EV 90.0 MPH)
Top of the 5th over - 0 runs, 1 hit, 0 errors, 1 left on base; St. Lucie 1 - Palm Beach 0
BOTTOM OF THE 5TH
Palm Beach Cardinals batting - Pitching for St. Lucie Mets : RHP Charley Schumer
Batting: RHB Carlos Flores 0-0: Called Strike
0-1: Swinging Strike
0-2: Ball
1-2: Fly out, F8 (Flyball, 8RD, EV 106.9 MPH)
Batting: LHB Sergio García 0-0: Ball
1-0: Ground out 2-3 (Groundball, 2L, EV 70.0 MPH)
Batting: LHB David Harris 0-0: Ball
1-0: Ball
2-0: Called Strike
2-1: Ball
3-1: SINGLE (Groundball, 34, EV 105.6 MPH)
Batting: RHB Olivier Barbot 0-0: Ball
David Harris steals 2nd base
1-0: Foul Ball, location: 9LMF
1-1: Swinging Strike
1-2: Foul Ball, location: 2LF
1-2: Ball
2-2: Foul Ball, location: 5F
2-2: Ball
3-2: Foul Ball, location: 3F
3-2: Foul Ball, location: 23F
3-2: Foul Ball, location: 2F
3-2: Foul Ball, location: 23F
3-2: Foul Ball, location: 3F
3-2: Strikes out swinging
Bottom of the 5th over - 0 runs, 1 hit, 0 errors, 1 left on base; St. Lucie 1 - Palm Beach 0
TOP OF THE 6TH
St. Lucie Mets batting - Pitching for Palm Beach Cardinals : RHP Abdelaziz André
Batting: RHB Earl Hall 0-0: Ball
1-0: Ball
2-0: Swinging Strike
2-1: Foul Ball, location: 9LMF
2-2: Ball
3-2: Ground out 6-3 (Groundball, 6S, EV 81.9 MPH)
Batting: RHB Will Brown 0-0: Called Strike
0-1: Swinging Strike
0-2: Foul Ball, location: 5DF
0-2: Ball
1-2: Strikes out swinging
Batting: RHB Cayden Wallace 0-0: Foul Ball, location: 3SF
0-1: Ball
1-1: Foul Ball, location: 3F
1-2: Ball
2-2: Ball
3-2: Foul Ball, location: 2F
3-2: Foul Ball, location: 2RF
3-2: SINGLE (Groundball, 6MD, EV 98.1 MPH)
Batting: RHB Caleb Bramwell 0-0: Ball
1-0: Fly out, F8 (Flyball, 8LD, EV 97.5 MPH)
Top of the 6th over - 0 runs, 1 hit, 0 errors, 1 left on base; St. Lucie 1 - Palm Beach 0
BOTTOM OF THE 6TH
Palm Beach Cardinals batting - Pitching for St. Lucie Mets : RHP Charley Schumer
Batting: RHB Caleb Bowling 0-0: Called Strike
0-1: Fly out, F7 (Line Drive, 78M, EV 103.8 MPH)
Batting: LHB Jacob Melton 0-0: Ball
1-0: Fly out, F9 (Flyball, 89M, EV 75.6 MPH)
Batting: RHB Steffen Smith 0-0: SINGLE (Flyball, 9LM, EV 110.0 MPH)
Batting: RHB Hal Kendall 0-0: Called Strike
0-1: Ball
1-1: Swinging Strike
1-2: Ball
2-2: Ball
3-2: Base on Balls
Steffen Smith to second
Batting: RHB Jake Briningstool 0-0: Called Strike
0-1: Foul Ball, location: 5F
0-2: Strikes out swinging
Bottom of the 6th over - 0 runs, 1 hit, 0 errors, 2 left on base; St. Lucie 1 - Palm Beach 0
TOP OF THE 7TH
St. Lucie Mets batting - Pitching for Palm Beach Cardinals : RHP Abdelaziz André
Batting: RHB Ricardo Muñóz 0-0: Ball
1-0: Swinging Strike
1-1: DOUBLE (Line Drive, 9LM, EV 89.4 MPH)
Batting: RHB Kevin Stevens 0-0: Called Strike
0-1: Ball
1-1: Swinging Strike
1-2: Ball
2-2: Strikes out swinging
Pitching: RHP Hunter Helms
Batting: RHB Elijah Brooks 0-0: Ball
Wild Pitch!
Ricardo Muñóz to third
1-0: Swinging Strike
1-1: Ball
2-1: Fly out, F7 (Flyball, 78M, EV 88.1 MPH)
Runner from 3rd tags up, SCORES, throw by LF
Batting: LHB Larry Watson 0-0: Ball
1-0: Ball
2-0: Ball
3-0: Called Strike
3-1: Swinging Strike
3-2: Foul Ball, location: 7LMF
3-2: SINGLE (Groundball, 4MD, EV 109.4 MPH)
Batting: RHB Pietro Fisichella 0-0: Called Strike
Larry Watson is caught stealing 2nd base 2-4
Top of the 7th over - 1 run, 2 hits, 0 errors, 0 left on base; St. Lucie 2 - Palm Beach 0
BOTTOM OF THE 7TH
Palm Beach Cardinals batting - Pitching for St. Lucie Mets : RHP Charley Schumer
Batting: RHB Carlos Flores 0-0: Ground out 4-3 (Groundball, 34, EV 99.4 MPH)
Batting: LHB Sergio García 0-0: Ball
1-0: Called Strike
1-1: Called Strike
1-2: Foul Ball, location: 3F
1-2: SINGLE (Groundball, 34D, EV 100.6 MPH)
Batting: LHB David Harris 0-0: Ball
1-0: Fly out, F5 (Popup, 5L, EV 60.0 MPH)
Pitching: RHP Jorge Martínez
Pinch Hitting: LHB Marcelo Mayer 0-0: Called Strike
0-1: Ball
1-1: Swinging Strike
1-2: Foul Ball, location: 7LSF
1-2: Ball
2-2: Ball
3-2: Ground out U3 (Groundball, 3, EV 93.1 MPH)
Bottom of the 7th over - 0 runs, 1 hit, 0 errors, 1 left on base; St. Lucie 2 - Palm Beach 0
TOP OF THE 8TH
St. Lucie Mets batting - Pitching for Palm Beach Cardinals : RHP Hunter Helms
Now at 3B: David Harris
Now at SS: Marcelo Mayer
Batting: RHB Pietro Fisichella 0-0: Ball
1-0: Ground out 5-3 (Groundball, 56, EV 90.6 MPH)
Batting: RHB Earl Hall 0-0: Ball
1-0: Ball
2-0: Swinging Strike
2-1: Swinging Strike
2-2: Foul Ball, location: 2F
2-2: Ball
3-2: Strikes out looking
Batting: RHB Will Brown 0-0: SINGLE (Popup, 6D, EV 57.5 MPH)
Batting: RHB Cayden Wallace 0-0: Ball
1-0: Swinging Strike
1-1: Foul Ball, location: 9LMF
1-2: SINGLE (Groundball, 4MD, EV 108.1 MPH)
Will Brown to second
Runner from 2nd tries for 3rd, SAFE, throw by CF made to third
Batting: RHB Caleb Bramwell 0-0: SINGLE (Groundball, 34D, EV 104.4 MPH)
Will Brown scores
Cayden Wallace to second
Runner from 2nd tries for 3rd, SAFE, no throw by RF
Batting: RHB Ricardo Muñóz 0-0: Called Strike
0-1: Foul Ball, location: 2LF
0-2: Ball
1-2: Fly out, F9 (Flyball, 9D, EV 104.4 MPH)
Top of the 8th over - 1 run, 3 hits, 0 errors, 2 left on base; St. Lucie 3 - Palm Beach 0
BOTTOM OF THE 8TH
Palm Beach Cardinals batting - Pitching for St. Lucie Mets : RHP Jorge Martínez
Batting: RHB Caleb Bowling 0-0: Ball
1-0: Called Strike
1-1: Ball
2-1: Called Strike
2-2: Foul Ball, location: 9LSF
2-2: Foul Ball, location: 2F
2-2: Strikes out swinging
Batting: LHB Jacob Melton 0-0: Ball
1-0: Ball
2-0: SINGLE (Groundball, 4MD, EV 105.6 MPH)
Pinch Hitting: LHB Peyton Stovall 0-0: Called Strike
0-1: SINGLE (Line Drive, 8LS, EV 97.5 MPH)
Jacob Melton to second
Batting: RHB Hal Kendall 0-0: Ball
1-0: Swinging Strike
1-1: Foul Ball, location: 9LDF
1-2: Foul Ball, location: 5F
1-2: Ball
2-2: Grounds into double play, 4-6-3 (Groundball, 4MS, EV 78.1 MPH)
Bottom of the 8th over - 0 runs, 2 hits, 0 errors, 1 left on base; St. Lucie 3 - Palm Beach 0
TOP OF THE 9TH
St. Lucie Mets batting - Pitching for Palm Beach Cardinals : RHP Hunter Helms
Now in LF: Peyton Stovall
Batting: RHB Kevin Stevens 0-0: Fly out, F5 (Line Drive, 56, EV 77.5 MPH)
Batting: RHB Elijah Brooks 0-0: SINGLE (Flyball, 78S, EV 85.0 MPH)
Batting: LHB Larry Watson 0-0: Ball
1-0: Called Strike
1-1: Foul Ball, location: 5SF
1-2: SINGLE (Line Drive, 34D, EV 93.8 MPH)
Elijah Brooks to second
Batting: RHB Pietro Fisichella 0-0: Ball
1-0: Called Strike
1-1: Foul Ball, location: 3F
1-2: Strikes out swinging
Batting: RHB Earl Hall 0-0: Called Strike
0-1: Ball
1-1: Fielders Choice at 2nd, 5-4 (Groundball, 56D, EV 94.4 MPH)
Top of the 9th over - 0 runs, 2 hits, 0 errors, 2 left on base; St. Lucie 3 - Palm Beach 0
BOTTOM OF THE 9TH
Palm Beach Cardinals batting - Pitching for St. Lucie Mets : RHP Jorge Martínez
Pitching: LHP Howard Suárez
Batting: RHB Jake Briningstool 0-0: Called Strike
0-1: Ground out U3 (Groundball, 3, EV 85.0 MPH)
Batting: RHB Carlos Flores 0-0: Ball
1-0: Called Strike
1-1: Foul Ball, location: 2F
1-2: Foul Ball, location: 9LDF
1-2: Foul Ball, location: 23FF
1-2: Ball
2-2: Fly out, F7 (Line Drive, 78M, EV 104.4 MPH)
Pinch Hitting: RHB Kevin Parada 0-0: Called Strike
0-1: Foul Ball, location: 9LMF
0-2: Ball
1-2: Foul Ball, location: 23F
1-2: SINGLE (Groundball, 4MD, EV 100.0 MPH)
Pinch Hitting: RHB Kyren Paris 0-0: Ball
1-0: Ball
Pickoff Throw by Catcher to First - Error! E2
Kevin Parada to second
2-0: Ball
3-0: Called Strike
3-1: Called Strike
3-2: Fly out, F8 (Flyball, 78S, EV 81.9 MPH)
Bottom of the 9th over - 0 runs, 1 hit, 1 error, 1 left on base; St. Lucie 3 - Palm Beach 0
Thursday, May 2nd , 2024 - OOTP Baseball 24.11 Build 85